 Dungeon Crawl Stone Soup version 0.25.1-9-gc5326a611f (webtiles) character file.

Game seed: 4271531833648815714

5903 Destapler the Blocker (level 10, -5/91 HPs)
             Began as a Minotaur Fighter on Jan 2, 2021.
             Was an Elder of Makhleb.
             Slain by Erolcha
             ... wielding a +0 giant club
              (26 damage)
             ... on level 9 of the Dungeon.
             The game lasted 00:24:19 (11136 turns).

Destapler the Blocker (Minotaur Fighter)           Turns: 11136, Time: 00:24:20

Health: -5/91      AC:  8    Str: 21    XL:     10   Next: 53%
Magic:  13/13      EV: 12    Int:  5    God:    Makhleb [****..]
Gold:   500        SH: 18    Dex: 13    Spells: 9/9 levels left

rFire    . . .     SeeInvis .   a - +2 falchion (drain)
rCold    . . .     Gourm    .   c - +1 kite shield
rNeg     . . .     Faith    .   O - +0 troll leather armour
rPois    .         Spirit   .   (helmet restricted)
rElec    .         Reflect  +   s - +0 cloak
rCorr    .         Harm     .   (no gloves)
MR       +....                  n - +0 pair of boots
Stlth    +.........             B - amulet of reflection
HPRegen  0.65/turn              m - ring of protection from magic (curse)
MPRegen  0.13/turn              (no ring)

@: studying Armour
A: retaliatory headbutt, horns 2
a: Minor Destruction, Lesser Servant of Makhleb, Major Destruction, Renounce
Religion


You were on level 9 of the Dungeon.
You worshipped Makhleb.
Makhleb was greatly pleased with you.
You were not hungry.

You visited 1 branch of the dungeon, and saw 9 of its levels.
You also visited: Sewer.

You collected 636 gold pieces.
You spent 136 gold pieces at shops.

Inventory:

Hand Weapons
 a - a +2 falchion of draining (weapon)
 l - a +0 whip of electrocution
 G - the cursed +0 war axe "Annafrem" {speed, rElec}
   (You took it off an orc on level 7 of the Dungeon)

   Attacks with this weapon are significantly faster.
   It insulates you from electricity.
   It has a curse placed upon it.
Missiles
 g - 5 silver boomerangs
 k - 14 poisoned darts (quivered)
 y - 5 javelins
 E - a throwing net
 F - 8 boomerangs
Armour
 b - a +0 scale mail
 c - a +1 kite shield (worn)
 n - a +0 pair of boots (worn)
 s - a +0 cloak (worn)
 O - a +0 troll leather armour (worn)
Jewellery
 m - a cursed ring of protection from magic (left hand)
 B - an amulet of reflection (around neck)
Wands
 C - a wand of clouds (5)
 I - a wand of paralysis (11)
 L - a wand of flame (6)
 M - a wand of random effects (17)
Scrolls
 i - a scroll of noise
 o - 12 scrolls of remove curse
 q - a scroll of identify
 t - a scroll of blinking
 u - 3 scrolls of teleportation
 x - 3 scrolls of amnesia
 D - a scroll of acquirement
 K - a scroll of brand weapon {unknown}
 Q - a scroll of torment {unknown}
Potions
 d - 2 potions of might
 e - a potion of heal wounds
 h - 6 potions of curing
 j - a potion of berserk rage {unknown}
 p - a potion of cancellation {unknown}
 r - a potion of magic {unknown}
 v - a potion of degeneration {unknown}
 w - 2 potions of stabbing
 z - a potion of lignification {unknown}
 H - 2 potions of flight
 N - a potion of haste {unknown}
Books
 A - a manual of Armour
Comestibles
 f - 12 rations
 P - 10 chunks of flesh


   Skills:
 + Level 9.1 Fighting
 + Level 5.5 Long Blades
 - Level 6.0 Throwing
 * Level 9.0 Armour
 + Level 4.1 Dodging
 + Level 9.2 Shields
 - Level 6.0 Invocations


You had 9 spell levels left.
You didn't know any spells.
Your spell library contained the following spells:

 Spells                   Type           Power        Failure   Level  Hunger
 Corona                   Hex            #......      78%         1    ##.....
 Ensorcelled Hibernation  Hex/Ice        #.....       89%         2    ###....
 Confusing Touch          Hex            #.......     98%         3    ####...
 Dazzling Flash           Conj/Hex       #.....       98%         3    ####...
 Tukima's Dance           Hex            #.......     98%         3    ####...


Dungeon Overview and Level Annotations

Branches:
Dungeon (9/15)             Temple (0/1) D:7            Lair (0/6) D:8
  Sewer (visited)
    Orc: D:9-12

Altars:
Ashenzari
Gozag
Hepliaklqana
Kikubaaqudgha
Makhleb
Qazlal
Ru
Sif Muna
Uskayaw
Xom
Zin

Shops:
D:5 (

Annotations:
D:9 2 transporters, Erolcha


Innate Abilities, Weirdness & Mutations

You reflexively headbutt those who attack you in melee.
You have a pair of horns on your head.


Message History

You hit something but do no damage. Something hits you.
* * * LOW HITPOINT WARNING * * *
You feel better.
You hear some strange, mumbled words.
A bolt of lightning appears from out of thin air!
The bolt of lightning misses you.
As you read the scroll labeled RUFIESCH GIEF, it crumbles to dust.
You feel aware of your surroundings.
It was a scroll of magic mapping.
Something hits you.
* * * LOW HITPOINT WARNING * * *
As you read the scroll of identify, it crumbles to dust.
w - 2 potions of stabbing Something hits you.
* * * LOW HITPOINT WARNING * * *
As you read the scroll of identify, it crumbles to dust.
H - 2 potions of flight
As you read the scroll of identify, it crumbles to dust.
e - a potion of heal wounds Something hits you!!
You die...

***,,,,,,**,...........
*,,,,,,,***,...........
*,######***,**####.....
*,#....#,,,,* #.####
*,#.##.###########.#
*,#................#
*,####.#############
*,,,*#.# ***,*#@#
*,*#{#**** #..yy.<..#
#.(...?..# #...>....#
***#......$.#
*,,.....##### *,......#
*.......#


You could see 2 killer bees.

Vanquished Creatures
  Pikel (D:7)
  A komodo dragon (D:8)
  A troll (D:9)
  A hornet (D:8)
  4 yaks (D:9)
  The ghost of generaletaddeo the Vexing, an amateur SpEn of Sif Muna (D:4)
  A hungry ghost (D:8)
  2 slaves (D:7)
  2 ice beasts
  2 orc warriors
  2 sky beasts
  2 phantoms (D:4)
  7 ogres
  5 centaurs
  A big kobold (D:9)
  3 bullfrogs
  A gnoll sergeant (D:6)
  A scorpion (D:6)
  3 wights (D:8)
  7 killer bees
  3 electric eels (D:8)
  A howler monkey (D:6)
  2 crimson imps
  6 hounds
  A jelly (D:5)
  2 orc wizards
  5 orc priests
  Crazy Yiuf (D:5)
  A bullfrog skeleton (D:4)
  2 iguanas
  6 worker ants
  A killer bee zombie (D:8)
  A hound zombie (D:6)
  2 howler monkey skeletons (D:4)
  11 gnolls
  10 adders
  A shadow imp (D:5)
  9 oozes
  2 adder zombies
  6 worms
  2 dart slugs
  16 leopard geckos
  29 orcs
  12 giant cockroaches
  7 goblins
  9 hobgoblins
  21 jackals
  12 kobolds
  5 quokkas
  15 ball pythons
  7 bats
  14 frilled lizards
  A leopard gecko skeleton (D:7)
  8 rats
  A toadstool (D:1)
280 creatures vanquished.

Vanquished Creatures (others)
  A slave (D:7)
  4 plants (D:8)
  3 toadstools (D:1)
8 creatures vanquished.

Grand Total: 288 creatures vanquished

Notes
Turn   | Place    | Note
-------+----------+-------------------------------------------
     0 | D:1      | Destapler the Minotaur Fighter began the quest for the Orb.
     0 | D:1      | Reached XP level 1. HP: 19/19 MP: 0/0
   223 | D:1      | Reached XP level 2. HP: 27/27 MP: 1/1
   989 | D:2      | Reached XP level 3. HP: 19/33 MP: 2/2
  1458 | D:2      | Reached XP level 4. HP: 41/41 MP: 3/3
  2036 | D:3      | Reached skill level 5 in Fighting
  2036 | D:3      | Reached skill level 5 in Shields
  2036 | D:3      | Reached XP level 5. HP: 19/48 MP: 4/4
  2498 | D:3      | Found a burning altar of Makhleb.
  2516 | D:3      | Reached skill level 5 in Armour
  2822 | D:3      | Became a worshipper of Makhleb the Destroyer
  2833 | D:4      | Noticed a phantom
  2844 | D:4      | Found a glowing drain.
  2884 | Sewer    | Entered a sewer
  2972 | Sewer    | Reached XP level 6. HP: 54/56 MP: 5/5
  3142 | Sewer    | Reached * piety under Makhleb
  3230 | Sewer    | Reached skill level 1 in Throwing
  3280 | Sewer    | Reached skill level 1 in Invocations
  3288 | Sewer    | Reached ** piety under Makhleb
  3379 | D:4      | Found a stormy altar of Qazlal.
  3475 | D:4      | Reached XP level 7. HP: 50/62 MP: 7/7
  3817 | D:4      | Found an opulent altar of Gozag.
  4090 | D:4      | Found a runed translucent gate.
  4090 | D:4      | Found a runed translucent gate.
  4091 | D:4      | Found a runed translucent gate.
  4091 | D:4      | Noticed generaletaddeo's ghost (amateur SpEn)
  4117 | D:4      | Killed generaletaddeo's ghost
  4214 | D:5      | Entered Level 5 of the Dungeon
  4317 | D:5      | Reached XP level 8. HP: 42/71 MP: 9/9
  4616 | D:5      | Found Rake's Weapon Shoppe.
  4619 | D:5      | Bought a +1 falchion of draining for 136 gold pieces
  4682 | D:5      | Found a sacrificial altar of Ru.
  4882 | D:5      | Found a runed translucent door.
  4883 | D:5      | Noticed Crazy Yiuf
  5024 | D:5      | Killed Crazy Yiuf
  5083 | D:6      | Found a shattered altar of Ashenzari.
  5407 | D:6      | Found an ancient bone altar of Kikubaaqudgha.
  5452 | D:6      | Reached *** piety under Makhleb
  5606 | D:6      | Reached XP level 9. HP: 79/80 MP: 11/11
  6089 | D:6      | Found a hazy altar of Hepliaklqana.
  6605 | D:7      | Identified the cursed +0 war axe "Annafrem" {speed, rElec}
  6610 | D:7      | Found a hide-covered altar of Uskayaw.
  6646 | D:7      | Found a staircase to the Ecumenical Temple.
  6672 | D:7      | Found a shimmering blue altar of Sif Muna.
  6704 | D:7      | Found a shimmering altar of Xom.
  6770 | D:7      | Reached skill level 1 in Dodging
  6897 | D:7      | Noticed Pikel
  6916 | D:7      | Killed Pikel
  7008 | D:7      | Reached skill level 5 in Invocations
  7307 | D:7      | Found a glowing silver altar of Zin.
  7349 | D:8      | Reached skill level 5 in Throwing
  7414 | D:8      | Paralysed by a hornet for 1 turns
  7797 | D:8      | Reached XP level 10. HP: 30/90 MP: 13/13
  8447 | D:8      | Found a staircase to the Lair.
  8461 | D:8      | Reached **** piety under Makhleb
  8683 | D:8      | HP: 4/90 [electric eel/bolt of electricity (11)]
  9178 | D:8      | HP: 3/90 [electric eel/bolt of electricity (11)]
 10340 | D:8      | Reached skill level 5 in Long Blades
 10742 | D:9      | Found a sacrificial altar of Ru.
 10936 | D:9      | Found a transporter.
 11071 | D:9      | Found a transporter.
 11080 | D:9      | Noticed a wizard
 11114 | D:9      | Noticed Erolcha
 11119 | D:9      | Identified 2 scrolls of acquirement
 11119 | D:9      | Acquired a manual of Armour
 11136 | D:9      | Slain by Erolcha

Illustrated notes

Levels and vault maps discovered:
D:1:      ldierk_water_garden, layout_loops_corners, minmay_misc_feat_doors,
          grunt_decor_arrowhead
D:2:      layout_basic
D:3:      layout_basic, makhleb_grotto_becter
D:4:      layout_basic, grunt_qazlal_sundering, grunt_gozag_breadcrumbs,
          portal_sewer_entry_e, ebering_ghost_rock_garden,
          minmay_fractal_squares_5
D:5:      layout_cave_pools, serial_shops, kennysheep_mini_moat, first_ration,
          nicolae_ru_great_annihilating_truth, uniq_crazy_yiuf_cottage
D:6:      layout_layer_cave, kennysheep_mini, lemuel_round_altar,
          evilmike_ruin_ashenzari
D:7:      layout_basic, nicolae_overflow_hidden_temple, zin_statuary,
          eat_drink_and_be_merry_uskayaw, minmay_temple_entry_offerings,
          basic_altar, uniq_pikel
D:8:      layout_loops_ring, david_lair_shrubbed, serial_bayou,
          serial_bayou_shore_a, serial_bayou_ford_a, serial_bayou_pond_e,
          serial_bayou_pond_e
D:9:      layout_basic, gammafunk_temple_overflow_arena, uniq_erolcha

Skill      XL: |  1  2  3  4  5  6  7  8  9 10 |
---------------+-------------------------------+-----
Armour         | 4 5 6 7 8 9 |  9.0
Fighting       | 4 5 6 7 8 9 |  9.1
Shields        | 4 5 6 7 8 9 |  9.2
Throwing       | 1 3 4 5 6 |  6.0
Invocations    | 1 2 4 5 6 |  6.0
Long Blades    | 4 5 |  5.5
Dodging        | 3 4 |  4.1

Action                   |  1- 3 |  4- 6 |  7- 9 | 10-12 || total
-------------------------+-------+-------+-------+-------++-------
Melee: Long sword        |    36 |       |       |       ||    36
       Headbutt          |    17 |    53 |    82 |    42 ||   194
       Whip              |    65 |    25 |       |       ||    90
       Falchion          |       |   304 |   394 |   162 ||   860
Throw: Javelin           |       |       |     5 |       ||     5
       Dart              |       |       |       |    10 ||    10
       Boomerang         |       |       |       |     3 ||     3
  Use: Scroll            |       |     6 |       |     7 ||    13
       Potion            |       |       |       |     1 ||     1
 Stab: Distracted        |       |       |     1 |       ||     1
  Eat: Chunk             |     2 |     7 |     9 |     4 ||    22
       Ration            |       |       |     2 |     2 ||     4
Armor: Scale mail        |    56 |   189 |   129 |    13 ||   387
       Troll leather arm |       |       |       |    13 ||    13
Dodge: Dodged            |    30 |   106 |   106 |    37 ||   279
Block: Kite shield       |    56 |   234 |   354 |   107 ||   751
       Reflection        |       |       |    10 |     4 ||    14
       Rpst.: Falchion   |       |    24 |    29 |     7 ||    60
